 Dungeon Crawl Stone Soup version 0.22-a0-619-ga0c6fd2 (webtiles) character file.

3 twist the Insei (level 1, 0/15 HPs)
             Began as a Merfolk Transmuter on July 14, 2018.
             Slain by a goblin
             ... wielding a +0 dagger
              (4 damage)
             ... on level 1 of the Dungeon.
             The game lasted 00:00:40 (214 turns).

twist the Insei (Merfolk Transmuter)                 Turns: 214, Time: 00:00:41

Health: 0/15       AC:  2    Str: 10    XL:     1   Next: 50%
Magic:  3/3        EV: 13    Int: 12    God:
Gold:   34         SH:  0    Dex: 14    Spells: 3/4 levels left

rFire    . . .     SeeInvis .   f - +0 mace
rCold    . . .     Gourm    .   (no shield)
rNeg     . . .     Faith    .   b - +0 robe
rPois    .         Spirit   .   (no helmet)
rElec    .         Reflect  .   (no cloak)
rCorr    .         Harm     .   (no gloves)
MR       .....                  (no boots)
Stlth    +.........             (no amulet)
HPRegen  0.05/turn              (no ring)
MPRegen  0.08/turn              (no ring)

@: no status effects
A: change form in water, swift swim, stealthy swim
a: no special abilities


You were on level 1 of the Dungeon.
You were not hungry.

You visited 1 branch of the dungeon, and saw 1 of its levels.

You collected 34 gold pieces.

Inventory:

Hand Weapons
 f - a +0 mace (weapon)
Missiles
 a - 12 arrows
Armour
 b - a +0 robe (worn)
Scrolls
 g - a scroll of immolation {unknown}
Potions
 e - a potion of mutation {unknown}
 h - 2 potions of curing {unknown}
Comestibles
 c - 4 chunks of flesh
 d - a ration


   Skills:
 + Level 1.2 Fighting
 + Level 2.8 Dodging
 + Level 3.3 Unarmed Combat
 + Level 2.0 Spellcasting
 + Level 2.8 Transmutations


You had 3 spell levels left.
You knew the following spells:

 Your Spells              Type           Power        Failure   Level  Hunger
a - Beastly Appendage     Tmut           #.....       9%          1    ##.....

Your spell library contained the following spells:

 Spells                   Type           Power        Failure   Level  Hunger
 Spider Form              Tmut/Pois      #.........   43%         3    ####...
 Blade Hands              Tmut           #.........   94%         5    ######.
 Ice Form                 Ice/Tmut       #.......     83%         4    #####..
 Sticks to Snakes         Tmut           #.......     13%         2    ###....


Dungeon Overview and Level Annotations

Branches:
Dungeon (1/15)

Altars:


Message History

The kobold shouts!
You hear an angry hiss.
The kobold throws a stone.
The stone hits you.
A goblin comes into view. It is wielding a dagger.
You see here a stone.
A leopard gecko comes into view.
The leopard gecko hisses angrily.
The kobold throws a stone.
The stone hits you.
A leopard gecko comes into view.
The kobold closely misses you.
You closely miss the kobold. The kobold barely misses you.
You hit the goblin.
The goblin is severely wounded.
The kobold closely misses you. The goblin hits you but does no damage.
You closely miss the goblin.
The goblin is severely wounded.
The kobold closely misses you. The goblin hits you with a dagger.
The kobold hits you.
* * * LOW HITPOINT WARNING * * *
The goblin hits you with a dagger.
You die...

############## .
#............. ..###
#.....).######
.....######.......######
....$....)..............
.........(.......###.###
......g..........# #.#
.......@....#.#### #.###
.....lKl....#.# #...#
......#######.######.#.#
...... #........#.#
≈.... ##......# # .....
#####......# ....
#..........# ....
#..........#
#....###.#.#


You could see 2 leopard geckos, a goblin and a kobold.

Vanquished Creatures
  2 goblins (D:1)
  A bat (D:1)
  A rat (D:1)
4 creatures vanquished.

Notes
Turn   | Place    | Note
-------+----------+-------------------------------------------
     0 | D:1      | twist the Merfolk Transmuter began the quest for the Orb.
     0 | D:1      | Reached XP level 1. HP: 15/15 MP: 3/3
   214 | D:1      | Slain by a goblin

Vault maps used:
D:1:      ldierk_walled_garden_2, corexii_corridor_pit, corexii_leaking_fountain

Action                   || total
-------------------------++-------
Melee: Unarmed           ||     8
       Mace              ||     7
       Headbutt          ||     1
 Cast: Beastly Appendage ||     2
 Stab: Sleeping          ||     1
Armor: Robe              ||     4
Dodge: Dodged            ||    17

Table legend:
 A = Spawn XP
 B = Non-spawn XP
 C = Spawn XP percentage of total XP
 D = Spawn monster count
 E = Non-spawn monster count
 F = Spawn count percentage of total count
 G = Total turns spent on level
                    A         B        C        D         E        F      G
               +---------+---------+-------+---------+---------+-------+---------
         Total |       0 |       5 |   0.0 |       0 |       4 |   0.0 |   214
               +---------+---------+-------+---------+---------+-------+---------
           D:1 |       0 |       5 |   0.0 |       0 |       4 |   0.0 |   214
               +---------+---------+-------+---------+---------+-------+---------
